 Dungeon Crawl Stone Soup version 0.18.1-50-g88ac8fd (webtiles) character file.

35489 magog001 the Peltast (level 13, -6/83 HPs)
             Began as a Gargoyle Fighter on Oct 5, 2018.
             Was a High Priest of Nemelex Xobeh.
             Mangled by a freezing wraith (21 damage)
             ... in an ice cave on Oct 6, 2018.
             The game lasted 01:29:04 (18946 turns).

magog001 the Peltast (Gargoyle Fighter)            Turns: 18946, Time: 01:29:07

Health: -6/83      AC: 36    Str: 23    XL:     13   Next: 84%
Magic:  0/13       EV:  7    Int: 11    God:    Nemelex Xobeh [*****.]
Gold:   434        SH: 16    Dex:  9    Spells: 0 memorised, 12 levels left

rFire  . . .     SeeInvis +     d - +5 mace (crush)
rCold  . . .     Gourm    .     Q - +0 plate armour
rNeg   + . .     Faith    .     b - +2 shield {AC+3}
rPois  ∞         Spirit   +     R - +1 helmet
rElec  +         Dismiss  .     N - +2 cloak
rCorr  +         Reflect  .     (no gloves)
SustAt .         Harm     .     y - +2 pair of boots
MR     .....                    z - amulet of guardian spirit
Stlth  ..........               n - ring of resist corrosion
                                W - ring of see invisible

@: slowed, very slow, not resistant to hostile enchantments, extremely
unstealthy
A: negative energy resistance 1, electricity resistance, unbreathing,
petrification resistance, rot immunity, AC +9
a: Triple Draw, Deal Four, Stack Five, Renounce Religion


You were in an ice cave.
You worshipped Nemelex Xobeh.
Nemelex Xobeh was extremely pleased with you.
You were not hungry.

You visited 4 branches of the dungeon, and saw 19 of its levels.
You also visited: Ice Cave.

You collected 893 gold pieces.
You spent 459 gold pieces at shops.

Inventory:

Hand Weapons
 d - a +5 mace of crushing (weapon)
 G - a +2 hunting sling of flaming
Missiles
 g - 79 sling bullets
 H - a throwing net
 K - 6 javelins
 P - 5 steel tomahawks
 S - 5 poisoned tomahawks (quivered)
 X - 6 exploding tomahawks
Armour
 b - a +2 shield of protection (worn)
 y - a +2 pair of boots (worn)
 N - a +2 cloak (worn)
 Q - a +0 plate armour (worn)
 R - a +1 helmet (worn)
Jewellery
 n - a ring of resist corrosion (right hand)
 z - an amulet of guardian spirit (around neck)
 W - a ring of see invisible (left hand)
Wands
 i - a wand of acid (11/15)
 m - a wand of flame (25/48)
 p - a wand of flame (27/48)
 v - a wand of lightning (3/15)
 C - a wand of teleportation (4/9)
 J - a wand of flame (26/48)
 L - a wand of flame (17/48)
 T - a wand of polymorph (3/24)
 Y - a wand of paralysis (13/24)
Scrolls
 l - a scroll of silence
 t - 2 scrolls of fear
 u - 6 scrolls of remove curse
 w - a scroll of teleportation
 E - a scroll of magic mapping
 I - 3 scrolls of identify
 M - a scroll of recharging
 U - a scroll of enchant armour
 Z - 2 scrolls of blinking {unknown}
Potions
 o - a potion of ambrosia
 A - 5 potions of curing
 B - a potion of magic
 F - a potion of cure mutation
Miscellaneous
 a - a lamp of fire
 c - a plain deck of war
 e - a plain deck of war {drawn: 10}
 h - a plain deck of destruction {drawn: 2}
 j - a legendary deck of destruction {drawn: 2}
 k - a plain deck of destruction
 q - a plain deck of escape
 s - a plain deck of escape
 x - a plain deck of war
 D - a plain deck of war
 V - a plain deck of destruction
Comestibles
 f - 10 bread rations
 O - 40 fruits


   Skills:
 * Level 10.7 Fighting
 * Level 11.7 Maces & Flails
 * Level 11.3 Armour
 * Level 16.0 Shields


You had 12 spell levels left.
You didn't know any spells.

Dungeon Overview and Level Annotations

Branches:
Dungeon (13/15)            Temple (1/1) D:4            Lair (4/8) D:8
  Swamp (0/4) Lair:4          Orc (1/2) D:12
  Snake: Lair:3-6    Spider: Lair:3-6    Vaults: D:13-14

Altars:
Ashenzari
Cheibriados
Dithmenos
Elyvilon
Fedhas
Gozag
Kikubaaqudgha
Makhleb
Nemelex Xobeh
Okawaru
Pakellas
Qazlal
Ru
Sif Muna
Trog
Vehumet
Xom
Yredelemnul
Zin
The Shining One
Beogh

Shops:
D:4 [   D:5 [[   D:6 *   D:12 ?


Innate Abilities, Weirdness & Mutations

You are resistant to torment.
Your stone body is resilient (AC +9).
You are immune to poison.
You resist negative energy.
You are resistant to electric shocks.
You can survive without breathing.
You are immune to petrification.
You are immune to rotting.


Message History

You block the freezing wraith's attack.
The freezing wraith hits you but does no damage.
You sock the freezing wraith!
The freezing wraith is moderately damaged.
You block the freezing wraith's attack. x2
You hit the freezing wraith.
The freezing wraith is heavily damaged.
The freezing wraith hits you! The freezing wraith freezes you!
* * * LOW HITPOINT WARNING * * *
The freezing wraith hits you but does no damage.
You hit the freezing wraith.
The freezing wraith is heavily damaged.
The freezing wraith hits you but does no damage. x2
You closely miss the freezing wraith.
The freezing wraith is heavily damaged.
The freezing wraith hits you.
* * * LOW HITPOINT WARNING * * *
The freezing wraith freezes you!!
You die...
Your body disappears without a glow.

#.......###
##..###...##
##..###...##
##..###...##
#...###...###
##..#
##....## ##
###...#
##....#
.###....##
###..#
.......##
#W@.#
....####
#...## ...##
#...### ..##
#...## .##
...# ## .## #
#


You could see a freezing wraith.

Vanquished Creatures
  The ghost of epen the Grappler, a journeyman NaMo of Cheibriados (D:8)
  A hydra (Lair:2)
  3 death yaks (Lair:3)
  Urug (D:10)
  An orc high priest (Orc:1)
  2 unseen horrors
  Pikel (D:9)
  3 hill giants
  An ugly thing (D:9)
  Joseph (D:9)
  A centaur skeleton (D:12)
  3 black mambas (Lair:3)
  Psyche (D:8)
  6 spiny frogs
  4 komodo dragons
  3 freezing wraiths (IceCv)
  4 trolls
  2 two-headed ogres (D:12)
  Grinder (D:6)
  16 blink frogs
  A spriggan (Lair:3)
  A shadow (D:12)
  2 wyverns
  6 hippogriffs
  24 yaks
  2 vampire mosquitoes (D:12)
  2 basilisks
  A steam dragon (D:10)
  A death yak simulacrum (IceCv)
  4 insubstantial wisps (Lair:4)
  7 water moccasins
  9 porcupines
  8 orc warriors
  2 phantoms
  7 ice beasts
  A slave (D:9)
  A black bear (D:6)
  3 necrophages
  A wasp (D:10)
  14 wolves
  6 ogres
  7 centaurs
  4 crocodiles
  13 big kobolds
  12 giant frogs
  2 gnoll sergeants
  A wyvern skeleton (D:11)
  3 scorpions
  4 wights (D:8)
  6 howler monkeys
  2 giant frog zombies
  7 crimson imps
  4 centaur zombies
  14 jellies
  2 quasits
  3 hounds
  Crazy Yiuf (D:6)
  14 orc wizards
  A giant frog skeleton (D:11)
  11 orc priests
  8 iguanas
  6 worker ants
  A polar bear simulacrum (IceCv)
  2 wolf simulacra (IceCv)
  3 hound skeletons
  Robin (D:2)
  2 howler monkey skeletons
  10 gnolls
  13 adders
  6 river rats (Lair:3)
  4 shadow imps
  17 white imps
  An ooze (D:2)
  3 adder skeletons
  An adder zombie (D:6)
  A worm (D:3)
  3 dart slugs
  6 giant geckos
  68 orcs
  3 ball pythons
  2 giant cockroaches
  13 goblins
  2 hobgoblins
  3 jackals
  7 quokkas
  3 bats
  6 giant newts
  A jackal skeleton (D:4)
  25 kobolds
  A quokka zombie (D:7)
  6 rats
498 creatures vanquished.

Vanquished Creatures (collateral kills)
  A black mamba (Lair:2)
  A hound (D:10)
2 creatures vanquished.

Vanquished Creatures (others)
  An orange crystal statue (D:9)
  An orc warrior (Orc:1)
  A crimson imp (D:8)
  2 orc priests (D:8)
  3 orcs
  3 fungi
11 creatures vanquished.

Grand Total: 511 creatures vanquished

Notes
Turn   | Place    | Note
--------------------------------------------------------------
     0 | D:1      | magog001 the Gargoyle Fighter began the quest for the Orb.
     0 | D:1      | Reached XP level 1. HP: 14/14 MP: 1/1
   329 | D:1      | Reached XP level 2. HP: 19/19 MP: 2/2
  1111 | D:2      | Noticed Robin
  1128 | D:2      | Reached XP level 3. HP: 14/23 MP: 3/3
  1136 | D:2      | Killed Robin
  1142 | D:2      | Reached skill level 4 in Shields
  1888 | D:2      | Reached XP level 4. HP: 29/29 MP: 4/4
  2023 | D:2      | Found a bloodstained altar of Trog.
  2052 | D:3      | Found a burning altar of Makhleb.
  2169 | D:3      | Reached XP level 5. HP: 25/33 MP: 5/5
  2286 | D:3      | Found an opulent altar of Gozag.
  2857 | D:4      | Reached XP level 6. HP: 35/39 MP: 6/6
  2963 | D:4      | Reached skill level 5 in Shields
  3213 | D:4      | Found an iron altar of Okawaru.
  3264 | D:4      | Gained mutation: You have a pair of small horns on your head. [potion of mutation]
  3264 | D:4      | Gained mutation: You passively map a small area around you. [potion of mutation]
  3264 | D:4      | Gained mutation: You have sharp toenails. [potion of mutation]
  3298 | D:4      | Lost mutation: You have sharp toenails. [potion of cure mutation]
  3298 | D:4      | Lost mutation: You passively map a small area around you. [potion of cure mutation]
  3298 | D:4      | Lost mutation: You have a pair of small horns on your head. [potion of cure mutation]
  3462 | D:4      | Reached skill level 5 in Fighting
  3462 | D:4      | Reached skill level 5 in Armour
  3462 | D:4      | Reached XP level 7. HP: 23/44 MP: 7/7
  3739 | D:4      | Found a staircase to the Ecumenical Temple.
  3745 | Temple   | Entered the Ecumenical Temple
  3914 | D:4      | Found Lylazxoq's Antique Armour Emporium.
  3927 | D:4      | Bought a shiny shield for 81 gold pieces
  4126 | D:5      | Entered Level 5 of the Dungeon
  4191 | D:5      | Found a sparkling altar of Nemelex Xobeh.
  4194 | D:5      | Became a worshipper of Nemelex Xobeh the Trickster
  4205 | D:5      | Received a gift from Nemelex Xobeh
  4255 | D:5      | Found Qiverchoro's Armour Shop.
  4396 | D:5      | Found a glowing golden altar of the Shining One.
  4599 | D:5      | Reached skill level 6 in Shields
  4792 | D:5      | Found Zarufesm's Antique Armour Shoppe.
  4840 | D:5      | Found a shimmering altar of Xom.
  4973 | D:5      | Reached XP level 8. HP: 49/49 MP: 8/8
  4986 | D:5      | Found a shimmering altar of Xom.
  4987 | D:5      | Found a shimmering altar of Xom.
  4987 | D:5      | Found a shimmering altar of Xom.
  4988 | D:5      | Found a shimmering altar of Xom.
  4988 | D:5      | Found a shimmering altar of Xom.
  4988 | D:5      | Found a shimmering altar of Xom.
  5068 | D:5      | Reached skill level 7 in Shields
  5080 | D:5      | Found a sacrificial altar of Ru.
  5298 | D:6      | Reached * piety under Nemelex Xobeh
  5299 | D:6      | Found a blossoming altar of Fedhas.
  5343 | D:6      | Found Ruchoe's Assorted Antiques.
  5353 | D:6      | Bought a scroll labeled USOEFU PIH RON for 27 gold pieces
  5353 | D:6      | Bought a glowing robe for 18 gold pieces
  5354 | D:6      | Bought a scroll labeled KIBUJI JOKEMIN for 27 gold pieces
  5513 | D:6      | Reached skill level 5 in Maces & Flails
  5513 | D:6      | Reached skill level 8 in Shields
  5614 | D:6      | Noticed Grinder
  5635 | D:6      | Killed Grinder
  5857 | D:6      | Reached XP level 9. HP: 51/55 MP: 9/9
  5866 | D:6      | Found a shattered altar of Ashenzari.
  6052 | D:6      | Noticed Crazy Yiuf
  6060 | D:6      | Killed Crazy Yiuf
  6457 | D:7      | Reached skill level 9 in Shields
  7305 | D:8      | Reached ** piety under Nemelex Xobeh
  7361 | D:8      | Noticed Joseph
  7364 | D:8      | Noticed Pikel
  7441 | D:9      | Killed Pikel
  7448 | D:9      | Killed Joseph
  7448 | D:9      | Reached skill level 10 in Shields
  7504 | D:8      | Noticed Psyche
  7512 | D:8      | Killed Psyche
  7523 | D:8      | Reached XP level 10. HP: 54/61 MP: 8/10
  7669 | D:8      | Reached skill level 11 in Shields
  7988 | D:8      | Found a shadowy altar of Dithmenos.
  8007 | D:8      | Noticed epen's ghost (journeyman NaMo)
  8061 | D:8      | Killed epen's ghost
  8318 | D:8      | Found a staircase to the Lair.
  8327 | D:8      | Found a bloodstained altar of Trog.
  8353 | Lair:1   | Entered Level 1 of the Lair of Beasts
  8734 | D:9      | Noticed a cyan ugly thing
  8773 | D:9      | Killed a cyan ugly thing
  8773 | D:9      | Reached skill level 12 in Shields
  8784 | D:9      | Gained mutation: Your spells are a little easier to cast, but a little less powerful. [mutagenic meat]
  9259 | D:9      | Reached XP level 11. HP: 68/68 MP: 11/11
  9393 | D:9      | Found an oddly glowing altar of Pakellas.
  9393 | D:9      | Noticed an orange crystal statue
  9404 | D:9      | Killed an orange crystal statue
  9500 | D:9      | Received a gift from Nemelex Xobeh
  9520 | D:9      | Found a deep blue altar of Sif Muna.
  9907 | D:10     | Entered Level 10 of the Dungeon
  9947 | D:10     | Noticed Urug
  9972 | D:10     | Killed Urug
  9973 | D:10     | Reached *** piety under Nemelex Xobeh
 10396 | D:10     | Received a gift from Nemelex Xobeh
 10415 | D:10     | You fall through a shaft for 3 floors!
 10638 | D:12     | Noticed a hill giant
 10651 | D:12     | Killed a hill giant
 10825 | D:12     | Reached skill level 13 in Shields
 10848 | D:12     | Noticed a hill giant
 10868 | D:12     | Killed a hill giant
 11290 | D:11     | Received a gift from Nemelex Xobeh
 11832 | D:10     | Received a gift from Nemelex Xobeh
 11926 | D:10     | Reached **** piety under Nemelex Xobeh
 11962 | D:10     | Reached XP level 12. HP: 64/75 MP: 9/12
 12550 | D:10     | Identified a scroll of acquirement
 12664 | D:10     | Lost mutation: Your spells are a little easier to cast, but a little less powerful. [potion of cure mutation]
 12666 | D:10     | Gained mutation: Your large and strong wings let you fly indefinitely. [potion of beneficial mutation]
 12704 | D:10     | Reached skill level 10 in Armour
 12916 | D:11     | Received a gift from Nemelex Xobeh
 13203 | D:11     | Reached skill level 10 in Maces & Flails
 13472 | D:12     | Found a staircase to the Orcish Mines.
 13629 | Orc:1    | Entered Level 1 of the Orcish Mines
 13661 | Orc:1    | Noticed an orc high priest
 13764 | Orc:1    | Killed an orc high priest
 13919 | Orc:1    | Found a roughly hewn altar of Beogh.
 14075 | D:12     | Reached skill level 14 in Shields
 14476 | D:12     | Found Pasaofit's Magic Scroll Shop.
 14629 | D:12     | Bought a scroll of enchant armour for 112 gold pieces
 14629 | D:12     | Bought a scroll of identify for 30 gold pieces
 14629 | D:12     | Bought a scroll of fear for 52 gold pieces
 14629 | D:12     | Bought a scroll of enchant weapon for 112 gold pieces
 15113 | Lair:1   | Received a gift from Nemelex Xobeh
 15403 | Lair:1   | Reached skill level 10 in Fighting
 15967 | Lair:2   | Reached XP level 13. HP: 82/82 MP: 13/13
 16004 | Lair:2   | Received a gift from Nemelex Xobeh
 16023 | Lair:2   | Reached ***** piety under Nemelex Xobeh
 16330 | Lair:2   | Reached skill level 15 in Shields
 17045 | Lair:3   | Gained mutation: You are dopey. (Int -2) [potion of mutation]
 17045 | Lair:3   | Gained mutation: You are clumsy. (Dex -2) [potion of mutation]
 17046 | Lair:3   | Lost mutation: You are clumsy. (Dex -2) [potion of cure mutation]
 17046 | Lair:3   | Lost mutation: You are dopey. (Int -2) [potion of cure mutation]
 17046 | Lair:3   | Lost mutation: Your large and strong wings let you fly indefinitely. [potion of cure mutation]
 17335 | Lair:3   | Received a gift from Nemelex Xobeh
 18308 | Lair:4   | Found a staircase to the Swamp.
 18373 | Lair:4   | Received a gift from Nemelex Xobeh
 18407 | Lair:4   | Found a frozen archway.
 18468 | IceCv    | Entered an ice cave
 18622 | IceCv    | Reached skill level 16 in Shields
 18946 | IceCv    | Mangled by a freezing wraith

Skill      XL: |  1  2  3  4  5  6  7  8  9 10 11 12 13 |
---------------+----------------------------------------+-----
Armour         | 4 5 6 7 8 9 10 11 | 11.3
Shields        | 4 5 6 8 10 12 13 14 16 | 16.0
Fighting       | 4 5 6 7 8 10 | 10.7
Maces & Flails | 3 4 5 6 7 9 10 11 | 11.7

Action                   |  1- 3 |  4- 6 |  7- 9 | 10-12 | 13-15 || total
-------------------------+-------+-------+-------+-------+-------++-------
Melee: Flail             |   122 |   150 |       |       |       ||   272
       Mace              |       |    81 |   431 |  1406 |   568 ||  2486
Throw: Tomahawk          |       |     2 |       |     6 |       ||     8
 Abil: Fly               |       |       |       |     1 |       ||     1
Evoke: Deck              |       |       |       |     6 |     8 ||    14
       Wand              |       |       |       |       |     3 ||     3
  Use: Potion            |       |    11 |     1 |     9 |     6 ||    27
       Scroll            |       |       |    19 |    13 |     2 ||    34
  Eat: Chunk             |     2 |     6 |     3 |    10 |       ||    21
       Fruit             |     1 |       |     1 |       |       ||     2
       Meat ration       |       |       |     2 |     1 |     1 ||     4
       Pizza             |       |       |       |     5 |       ||     5
       Beef jerky        |       |       |       |     3 |       ||     3
       Royal jelly       |       |       |       |     1 |       ||     1
       Bread ration      |       |       |       |     1 |     1 ||     2
Armor: Scale mail        |    77 |   130 |       |       |       ||   207
       Chain mail        |       |       |   398 |   262 |       ||   660
       Plate armour      |       |       |       |   520 |   359 ||   879
       Skin              |       |       |       |    13 |    17 ||    30
Dodge: Dodged            |    50 |    87 |   145 |   290 |   131 ||   703
Block: Shield            |    81 |   132 |   367 |  1106 |   575 ||  2261
